 Dungeon Crawl Stone Soup version 0.30-a0-377-g5cb311bc9f (webtiles) character file.

Game seed: 14667144172168930932

495 tio the Grave Robber (level 6, -1/42 HPs)
             Began as a Demonspawn Necromancer on Nov 29, 2022.
             Was an Initiate of Gozag.
             Slain by an ogre
             ... wielding a +0 giant spiked club
              (11 damage)
             ... on level 5 of the Dungeon.
             The game lasted 00:22:03 (4209 turns).

tio the Grave Robber (Demonspawn Necromancer)       Turns: 4209, Time: 00:22:03

Health: -1/42      AC:  8    Str:  8    XL:     6   Next: 92%
Magic:  14/14      EV:  8    Int: 19    God:    Gozag
Gold:   6          SH:  0    Dex: 19    Spells: 11/14 levels left

rFire   . . .      SeeInvis .    w - +0 long sword
rCold   . . .      Faith    .    (no shield)
rNeg    + . .      Spirit   .    u - +0 scale mail {rN+}
rPois   .          Reflect  .    (helmet restricted)
rElec   .          Harm     .    r - -2 cloak of Restlessness {Stlth+}
rCorr   .          Rampage  .    n - +1 pair of gloves
Will    .....                    (no boots)
Stlth   ++........               (no amulet)
HPRegen 0.27/turn                f - +6 ring of dexterity
MPRegen 0.14/turn                (no ring)

@: about to teleport, hasted, very quick
A: rugged brown scales 1, powered by pain 1, demonic magic 1, weakness stinger
1, antennae 1, high MP 1
a: Renounce Religion, Potion Petition, Call Merchant, Bribe Branch


You were on level 5 of the Dungeon.
You worshipped Gozag.
Gozag was noncommittal.
You visited 2 branches of the dungeon, and saw 6 of its levels.

You collected 225 gold pieces.
You spent 154 gold pieces at shops.
You paid 65 gold pieces to Gozag.

Inventory:

Hand Weapons
 w - a +0 long sword (weapon)
Missiles
 c - a throwing net (quivered)
 e - 7 boomerangs
Armour
 n - a +1 pair of gloves (worn)
 r - the -2 cloak of Restlessness (worn) {Stlth+}
   (You found it on level 3 of the Dungeon)

   Stlth:     It makes you more stealthy.
 u - a +0 scale mail of positive energy (worn)
Jewellery
 f - a +6 ring of dexterity (left hand)
 x - a +6 ring of strength
Scrolls
 a - 2 scrolls of teleportation
 k - 3 scrolls of noise {unknown}
 l - a scroll of silence
 p - a scroll of magic mapping {unknown}
 y - a scroll of enchant armour
 z - a scroll of identify
Potions
 b - a potion of magic
 d - 2 potions of attraction {unknown}
 g - 2 potions of ambrosia
 h - 2 potions of flight
 i - a potion of haste
 j - a potion of cancellation
 m - a potion of berserk rage {unknown}
 o - a potion of mutation
 q - 2 potions of curing {unknown}
 s - a potion of heal wounds {unknown}
 t - a potion of lignification {unknown}
 v - a potion of invisibility {unknown}


   Skills:
 + Level 0.2 Fighting
 + Level 0.1 Armour
 + Level 2.1 Dodging
 + Level 3.0 Stealth
 + Level 4.6 Spellcasting
 + Level 6.8 Necromancy


You had 11 spell levels left.
You knew the following spells:

 Your Spells              Type           Power      Damage    Failure   Level
a - Necrotise             Necr           100%       1d9       8%          1
b - Passwall              Tmut/Erth      3%         N/A       90%         2

Your spell library contained the following spells:

 Spells                   Type           Power      Damage    Failure   Level
 Vampiric Draining        Necr           30%        2d8       24%         3
 Cigotuvi's Dreadful Rot  Necr/Pois/Air  26%        N/A       61%         2
 Ensorcelled Hibernation  Hex/Ice        8%         N/A       90%         2
 Poisonous Vapours        Pois/Air       8%         N/A       90%         2
 Agony                    Necr           30%        N/A       91%         5
 Mephitic Cloud           Conj/Pois/Air  4%         N/A       99%         3
 Swiftness                Air            4%         N/A       99%         3
 Animate Dead             Necr           Unusable   N/A       N/A         4

Dungeon Overview and Level Annotations

Branches:
Dungeon (5/15)             Temple (1/1) D:4

Altars:
Cheibriados
Gozag
Kikubaaqudgha
Okawaru
Sif Muna
Vehumet
Wu Jian
Xom
Yredelemnul

Shops:
D:4 [


Innate Abilities, Weirdness & Mutations

You are partially covered in rugged brown scales. (AC +1, +3% HP)
You sometimes gain a little power by taking damage.
Spells you cast may paralyse adjacent enemies.
You have a small tail.
You have a pair of small antennae on your head.
You have an increased reservoir of magic. (+10% MP)


Message History

You kneel at the altar of Gozag.
Gozag welcomes you!
You pay a service fee of 65 gold.
Done exploring.
There is a staircase back to the Dungeon here.
You climb upwards.
Welcome back to the Dungeon!
There is a staircase to the Ecumenical Temple here.
Okay, then.
Done exploring.
There is a stone staircase leading up here.
You see here a +0 club.
There is an open door here.
There is an entrance to Iloni's Antique Armour Emporium here.
You see here a +0 robe.
There is an open door here.
You see here a +0 mace.
There is a stone staircase leading down here.
You climb downwards.
There is a stone staircase leading up here.
z - a scroll of identify
a - 3 scrolls of teleportation (gained 1)
You open the door.
An ogre comes into view. It is wielding a +0 giant spiked club.
The ogre shouts!
The ogre barely resists.
Malevolent energies surge around you.
The ogre writhes in agony.
Malevolent energies surge around you.
The ogre barely resists.
Malevolent energies surge around you.
The ogre barely resists.
Malevolent energies surge around you.
The ogre hits you with a +0 giant spiked club!!
Ouch! That really hurt!
* * * LOW HITPOINT WARNING * * *
You focus on the pain.
You feel your power returning.
You hear a bark!
As you read the scroll of teleportation, it crumbles to dust.
You feel strangely unstable.
You are too injured to fight recklessly!
You feel yourself speed up.
The ogre hits you with a +0 giant spiked club!
You die...
Your body crumbles into a pile of gold.

###### #....###.####
+...@'.......
#...O###+##.# ###
###.......#.# #<#
###.......#.# #.#
...........#.#####.#
......####.#........#
.......# #.##########
.......# #.. $
.......# ####


You could see an ogre.

Vanquished Creatures
  Sigmund (D:3)
  2 water moccasins
  A hound (D:4)
  Terence (D:3)
  2 adders (D:4)
  An ufetubus (D:4)
  3 worms
  3 bats
  6 endoplasms
  A giant cockroach (D:1)
  8 goblins
  4 hobgoblins
  3 jackals (D:2)
  5 kobolds
  2 quokkas
  8 ball pythons
  2 frilled lizards (D:1)
  A rat (D:3)
54 creatures vanquished.

Vanquished Creatures (collateral kills)
  A dart slug (D:3)
1 creature vanquished.

Vanquished Creatures (others)
  2 fungi (D:5)
2 creatures vanquished.

Grand Total: 57 creatures vanquished

Notes
Turn   | Place    | Note
-------+----------+-------------------------------------------
     0 | D:1      | tio the Demonspawn Necromancer began the quest for the Orb.
     0 | D:1      | Reached XP level 1. HP: 13/13 MP: 3/3
   197 | D:1      | Gained mutation: Spells you cast may paralyse adjacent
                  | enemies. [demonic ancestry]
   197 | D:1      | Reached XP level 2. HP: 19/19 MP: 3/5
   560 | D:1      | Reached skill level 5 in Necromancy
   874 | D:2      | Found a shimmering altar of Xom.
   917 | D:2      | Gained mutation: You expend magic power (3 MP) to
                  | strengthen your wands. [potion of mutation]
   917 | D:2      | Gained mutation: You have a pair of small horns on your
                  | head. [potion of mutation]
   921 | D:2      | Learned a level 2 spell: Passwall
  1103 | D:2      | Reached XP level 3. HP: 24/24 MP: 1/6
  1215 | D:2      | Lost mutation: You have a pair of small horns on your head.
                  | [potion of mutation]
  1215 | D:2      | Lost mutation: You expend magic power (3 MP) to strengthen
                  | your wands. [potion of mutation]
  1215 | D:2      | Gained mutation: You have a pair of small antennae on your
                  | head. [potion of mutation]
  1215 | D:2      | Gained mutation: You have an increased reservoir of magic.
                  | (+10% MP) [potion of mutation]
  2012 | D:3      | Identified the -2 cloak of Restlessness {Stlth+}
  2091 | D:3      | Noticed Sigmund
  2099 | D:3      | Killed Sigmund
  2100 | D:3      | Reached skill level 6 in Necromancy
  2100 | D:3      | Gained mutation: You are partially covered in rugged brown
                  | scales. (AC +1, +3% HP) [demonic ancestry]
  2100 | D:3      | Reached XP level 4. HP: 21/30 MP: 1/10
  2100 | D:3      | Gained mutation: You sometimes gain a little power by
                  | taking damage. [demonic ancestry]
  2100 | D:3      | Reached XP level 5. HP: 26/36 MP: 1/11
  2273 | D:3      | Noticed a water moccasin
  2282 | D:3      | Killed a water moccasin
  2283 | D:3      | Gained mutation: You have a small tail. [demonic ancestry]
  2283 | D:3      | Reached XP level 6. HP: 42/42 MP: 5/12
  2434 | D:3      | Noticed Terence
  2443 | D:3      | Killed Terence
  2922 | D:4      | Found Iloni's Antique Armour Emporium.
  2927 | D:4      | Bought a glowing scale mail for 154 gold pieces
  2968 | D:4      | Noticed a water moccasin
  2976 | D:4      | Killed a water moccasin
  3379 | D:4      | Found a staircase to the Ecumenical Temple.
  3520 | D:4      | Found an ornate altar of the Wu Jian Council.
  3827 | Temple   | Entered the Ecumenical Temple
  3954 | Temple   | Became a worshipper of Gozag Ym Sagoz the Greedy
  4181 | D:5      | Entered Level 5 of the Dungeon
  4209 | D:5      | Slain by an ogre

Illustrated notes

Levels and vault maps discovered:
D:1:      saegor_arrival_simple_a, layout_loops_ring, supply_closet_lemuel
D:2:      layout_loops_ring, basic_altar
D:3:      layout_basic, serial_curves, eino_curves_01, eino_curves_01,
          uniq_terence, uniq_sigmund
D:4:      layout_basic, mainiacjoe_overflow_boulevard,
          minmay_temple_entry_wispy, serial_shops, nicolae_shop_hallway_plus
D:5:      layout_basic, mainiacjoe_overflow_cross_hatched, minivault_1,
          uniq_grinder
Temple:   kb_temple_of_zot

Skill      XL: |  1  2  3  4  5  6 |
---------------+-------------------+-----
Necromancy     | 5 6 |  6.8
Stealth        | 2 3 |  3.0
Spellcasting   | 3 4 |  4.6
Dodging        | 2 |  2.1
Fighting       | |  0.2
Armour         | |  0.1

Action                   |  1- 3 |  4- 6 || total
-------------------------+-------+-------++-------
Melee: Spear             |     2 |       ||     2
       Headbutt          |     1 |       ||     1
       Long sword        |       |    15 ||    15
       Tailslap          |       |     1 ||     1
       Punch             |       |     1 ||     1
 Cast: Necrotise         |    74 |    54 ||   128
  Use: Scroll            |     7 |     2 ||     9
       Potion            |     2 |     1 ||     3
 Stab: Paralysed         |     1 |       ||     1
Armor: Scale mail        |       |    23 ||    23
Dodge: Dodged            |     2 |    25 ||    27

Table legend: (Time is in decaauts)
 A = Elapsed time spent in this place.
 B = Non-inter-level travel time spent in this place.
 C = Inter-level travel time spent in this place.
 D = Time resting spent in this place.
 E = Time spent auto-exploring this place.
 F = Levels seen in this place.
 G = Mean time per level.
                   A        B        C        D        E       F      G
               +--------+--------+--------+--------+--------+-----+--------+
         Total |   4212 |   3703 |    509 |      0 |   3301 |   6 |  702.0 |
       Dungeon |   4047 |   3602 |    445 |      0 |   3211 |   5 |  809.4 |
        Temple |    164 |    100 |     64 |      0 |     90 |   1 |  164.0 |
               +--------+--------+--------+--------+--------+-----+--------+

Top non-repeatable levels by time:
     D:4: 1105 daAuts
     D:3: 1053 daAuts
     D:2: 1037 daAuts
     D:1: 823 daAuts
  Temple: 164 daAuts
     D:5: 27 daAuts
